Map: Otoño cerúleo EJ

Players

proxyBC

  • Race: Terran Terran
  • League: Diamond
  • Spawn Location: 7:00

IronWarrior - Winner!

  • Race: Zerg Zerg
  • League: Diamond
  • Spawn Location: 1:00

VOD

Have the link to the VOD?

Description

Time

  • Played on: Dec. 30, 2018, 2:57 p.m.
  • Length: 24:17
Show
View Real Time Build Order
Export as new Build Order

proxyBC Terran 

Build Orders: Liberator Opening, Reaper Expand 

Get SALT Encoding   

  12  0:00  SCV  
  13  0:13  SCV  
  14  0:17  Supply Depot  
  14  0:25  SCV  
  15  0:39  SCV  
  15  0:40  Refinery  
  16  0:45  Barracks  
  16  0:51  SCV  
  17  1:03  SCV  
  18  1:15  SCV  
  19  1:32  Orbital Command, Reaper  
  20  1:45  Command Center  
  20  1:59  SCV  
  21  2:02  Factory  
  21  2:11  SCV  
  22  2:16  Supply Depot  
  22  2:17  Barracks Reactor  
  22  2:18  Refinery  
  22  2:23  SCV  
  23  2:38  SCV  
  24  2:50  SCV  
  25  2:51  Starport  
  25  2:59  Orbital Command  
  25  3:00  Hellion  
  25  3:02  Hellion, SCV  
  29  3:07  Barracks Tech Lab  
  29  3:13  Liberator  
  29  3:14  SCV  
  30  3:25  SCV  
  31  3:28  SCV  
  31  3:29  Hellion x2  
  39  3:35  Marine  
  40  3:42  SCV  
  40  3:44  SCV  
  40  3:46  Stimpack  
  42  3:58  SCV  
  42  3:59  Supply Depot  
  43  4:06  Supply Depot  
  43  4:08  Hellion  
  45  4:13  SCV  
  46  4:20  Marine  
  46  4:23  SCV  
  48  4:26  SCV  
  49  4:37  SCV  
  50  4:39  Command Center  
  50  4:44  SCV  
  51  4:46  Engineering Bay  
  51  4:52  Starport Reactor  
  51  4:59  Factory Tech Lab  
  51  5:00  SCV  
  51  5:01  Marine  
  53  5:07  Refinery, Engineering Bay  
  53  5:08  Barracks  
  53  5:09  Refinery  
  53  5:12  SCV  
  53  5:13  SCV  
  55  5:17  Terran Infantry Weapons Level 1  
  55  5:22  Siege Tank, Marine  
  55  5:24  SCV  
  55  5:28  SCV  
  61  5:32  Barracks  
  61  5:36  SCV  
  61  5:40  Marine  
  59  5:50  SCV  
  59  5:51  Medivac x2  
  59  5:55  Orbital Command  
  60  5:57  Marine  
  60  5:58  Terran Infantry Armor Level 1  
  60  6:01  Barracks  
  60  6:04  SCV  
  60  6:05  Supply Depot  
  60  6:06  Supply Depot  
  60  6:10  Marine x2  
  61  6:11  Siege Tank  
  61  6:12  Combat Shield  
  61  6:15  SCV, Marine  
  61  6:16  Orbital Command  
  63  6:21  SCV  
  63  6:24  Barracks Reactor  
  64  6:27  Viking  
  64  6:28  Marine x2  
  68  6:33  SCV  
  68  6:34  SCV  
  70  6:42  SCV  
  70  6:45  SCV  
  70  6:46  SCV, Marine  
  70  6:47  Siege Tank, Marine x2  
  73  6:52  Supply Depot  
  73  6:54  SCV  
  80  6:59  Supply Depot  
  80  7:01  Supply Depot, Barracks Reactor  
  80  7:04  Marine x2  
  80  7:05  SCV x2, Marine  
  80  7:06  SCV  
  80  7:07  Factory  
  86  7:10  Armory  
  86  7:17  SCV x2  
  86  7:20  Marine x2  
  86  7:21  Siege Tank  
  86  7:22  Marine  
  94  7:25  Marine x2  
  94  7:29  SCV x3  
  99  7:31  Concussive Shells  
  99  7:35  Supply Depot  
  99  7:37  Supply Depot, Marine  
  99  7:39  Marine  
  99  7:41  SCV x3  
  99  7:43  Barracks  
  104  7:46  Barracks  
  104  7:47  Missile Turret  
  104  7:50  Missile Turret  
  104  7:53  SCV  
  104  7:54  Missile Turret  
  104  7:57  Marine x3  
  104  7:58  Factory Tech Lab  
  108  8:00  Missile Turret  
  108  8:09  Missile Turret  
  108  8:13  Supply Depot x2  
  108  8:14  Supply Depot  
  108  8:16  Supply Depot  
  108  8:26  Marine x3  
  108  8:27  Thor, Marine x2  
  110  8:29  Missile Turret  
  119  8:36  Terran Infantry Weapons Level 2, Supply Depot  
  119  8:37  Supply Depot  
  111  8:42  SCV x3, Marine  
  111  8:43  Barracks Reactor  
  111  8:45  Barracks Tech Lab  
  115  8:50  Supply Depot  
  115  8:55  Supply Depot, Marine  
  113  8:56  Marine x3  
  113  9:01  Marine x2  
  119  9:02  Missile Turret  
  119  9:04  Terran Infantry Armor Level 2  
  119  9:13  Thor, Marine x4  
  129  9:17  Siege Tank  
  132  9:25  Refinery  
  132  9:27  Refinery  
  130  9:32  Marine x4  
  130  9:33  Marauder, Marine  
  130  9:34  Marauder  
  130  9:37  Marine x2  
  141  9:50  Factory  
  141  9:51  Missile Turret  
  141  9:54  Supply Depot  
  141  9:55  Marine x3  
  141  9:56  Marauder x2  
  146  10:07  Marine x2  
  146  10:08  Marine  
  149  10:15  Liberator  
  149  10:17  Marauder  
  150  10:23  Medivac, Sensor Tower, Marine  
  150  10:24  Sensor Tower  
  150  10:26  Marine x3  
  150  10:27  Marauder  
  157  10:30  Marine  
  157  10:31  Marine  
  157  10:32  Siege Tank  
  157  10:34  Siege Tank  
  168  10:36  Liberator  
  168  10:38  SCV  
  168  10:39  Marauder, SCV  
  172  10:53  Marine  
  172  10:54  Marine x2  
  172  10:55  Factory Tech Lab, Missile Turret  
  178  11:04  Thor  
  171  11:16  Marine x2  
  171  11:17  Marauder  
  141  11:24  Marine x3  
  129  11:26  Marauder  
  129  11:28  Marine x3  
  129  11:29  Siege Tank  
  129  11:30  Thor  
  129  11:31  Medivac  
  137  11:38  Marauder  
  137  11:39  Missile Turret  
  139  11:55  Marine x3  
  139  11:56  Marauder  
  139  11:58  Missile Turret  
  139  11:59  Thor, Marine x2  
  152  12:03  Medivac x2, Marine x2  
  152  12:04  Marauder  
  152  12:06  Command Center  
  160  12:10  Marine  
  160  12:13  Marine  
  161  12:17  Marauder  
  161  12:20  Missile Turret  
  160  12:31  Marine  
  160  12:32  Marine x2  
  134  12:51  Marine x5  
  123  12:52  Marine x2  
  123  12:53  Marauder  
  132  13:01  Command Center  
  132  13:04  Missile Turret  
  132  13:06  Marine x2  
  132  13:08  Missile Turret  
  132  13:09  Marine  
  135  13:14  Marauder  
  135  13:15  Terran Infantry Armor Level 3, Terran Infantry Weapons Level 3  
  137  13:21  Marine x3  
  137  13:24  Marauder  
  137  13:26  Command Center  
  142  13:28  Refinery  
  142  13:30  Refinery  
  142  13:44  Marine x2  
  142  13:45  Marine  
  145  13:51  Supply Depot  
  143  14:09  Marine x5  
  144  14:10  Thor, Siege Tank  
  144  14:11  Siege Tank  
  144  14:13  Planetary Fortress  
  144  14:14  Missile Turret  
  155  14:50  Marine x3  
  142  14:56  Orbital Command  
  142  14:59  SCV x2  
  135  15:03  Marine  
  135  15:04  Marine x5  
  135  15:06  SCV x2  
  143  15:07  Marine  
  143  15:08  Siege Tank, Marine  
  154  15:21  Supply Depot  
  154  15:25  Marine x2  
  154  15:40  Missile Turret  
  154  15:42  Missile Turret  
  151  15:43  Missile Turret  
  151  15:44  Marine x2  
  151  15:47  Siege Tank x2  
  151  15:49  Medivac x2  
  157  15:59  Marine x3  
  157  16:00  Marauder x2  
  164  16:08  Marine x3  
  142  16:22  Marauder  
  142  16:25  Marine  
  136  16:26  Siege Tank x2, Marine x5  
  147  16:41  Siege Tank, Marine x2  
  147  16:42  Marauder  
  147  16:43  Marauder  
  156  16:49  SCV  
  156  16:50  Missile Turret  
  152  17:21  Missile Turret  
  152  17:22  Missile Turret  
  152  17:31  Command Center  
  152  17:32  Marine x3  
  152  17:33  Siege Tank x2, Marauder x2  
  154  17:37  SCV  
  114  17:59  Marine  
  114  18:02  Marine x2  
  114  18:03  Thor, Marine x3  
  114  18:04  Missile Turret, Marine  
  107  18:06  Marine  
  107  18:07  Marauder  
  107  18:08  Marine  
  96  18:14  Terran Vehicle Weapons Level 1  
  96  18:17  Marine  
  96  18:18  Armory  
  94  18:20  Marine x2  
  94  18:21  SCV  
  94  18:24  Marine  
  94  18:26  Thor, Marauder  
  106  18:28  Marauder  
  108  18:34  Medivac, Marine  
  108  18:35  Missile Turret  
  108  18:39  Marine x2  
  113  18:52  Refinery  
  113  18:55  Missile Turret  
  113  19:08  Medivac x2  
  117  19:13  Marine x3  
  117  19:14  Siege Tank x2  
  125  19:21  Refinery  
  125  19:31  Marine x2  
  119  19:42  Marine  
  118  19:57  Marine x2  
  118  19:58  Marine  
  110  20:10  Marine x2  
  80  20:22  Marine  
  80  20:27  Planetary Fortress  
  67  20:37  Marine  
  62  20:52  Orbital Command  
  61  21:06  Marine  
  61  21:07  Marauder, Marine x6  
  61  21:08  Siege Tank, Marauder  
  75  21:19  Refinery  
  75  21:23  Missile Turret  
  75  21:27  Sensor Tower  
  75  21:28  Marine  
  75  21:29  Marine x2  
  75  21:32  SCV  
  79  21:37  Thor  
  79  21:38  Marine  
  86  21:47  Siege Tank  
  86  21:49  Refinery  
  86  21:50  Marine x2  
  89  22:01  SCV  
  89  22:03  Terran Vehicle And Ship Armor Level 1  
  89  22:05  SCV x2  
  79  22:33  Liberator  
  79  22:35  Liberator  
  54  22:37  Marine  
  54  22:38  Marine x3  
  54  22:39  Marauder x2, Marine  
  54  22:40  Marine  
  62  22:45  SCV x3  
  62  22:47  SCV  
  62  22:48  Marine  
  62  22:49  Marine  
  62  22:50  Thor x2  
  83  22:52  Siege Tank  
  83  22:55  Marine x2  
  83  22:56  Marine x2  
  93  23:00  Marauder, Orbital Command  
  93  23:01  SCV  
  96  23:07  SCV x2  
  98  23:15  SCV  
  98  23:16  Marine x2  
  98  23:17  Marine x2  
  102  23:27  SCV  
  99  23:40  Medivac x2  
  100  23:56  Marine x2  
  100  24:00  SCV x4  
Show
View Real Time Build Order
Export as new Build Order

IronWarrior Zerg - Winner!

Build Orders: Hatch First, Muta Ling Bane 

Get SALT Encoding   

  12  0:02  Drone  
  13  0:14  Overlord  
  13  0:17  Drone  
  14  0:32  Drone x2  
  16  0:41  Drone  
  17  0:55  Hatchery  
  16  0:59  Drone  
  17  1:08  Extractor  
  16  1:13  Spawning Pool  
  16  1:16  Drone  
  16  1:33  Drone  
  16  1:35  Drone x2  
  19  1:45  Drone  
  20  1:55  Overlord  
  20  2:03  Queen  
  20  2:07  Zergling x2  
  23  2:11  Queen  
  23  2:12  Zergling x2  
  23  2:15  Metabolic Boost  
  26  2:21  Zergling x2  
  27  2:23  Zergling x2  
  27  2:27  Drone  
  27  2:29  Drone  
  30  2:38  Drone  
  30  2:40  Drone  
  32  2:53  Drone x2  
  34  2:59  Drone  
  34  3:03  Drone  
  36  3:17  Hatchery  
  35  3:28  Drone  
  35  3:29  Overlord x2  
  35  3:48  Drone x6  
  41  3:58  Drone  
  41  4:02  Queen  
  42  4:04  Lair  
  42  4:08  Drone  
  42  4:09  Drone  
  46  4:10  Drone x5  
  51  4:22  Spore Crawler  
  51  4:23  Spore Crawler  
  49  4:30  Extractor  
  49  4:31  Extractor, Drone x3  
  49  4:33  Drone x2  
  52  4:39  Queen x2  
  51  5:07  Zergling x10  
  51  5:09  Overlord x2  
  56  5:16  Spore Crawler  
  56  5:19  Zergling x2  
  56  5:20  Zergling x6, Overlord x2, Spore Crawler  
  46  5:54  Zergling x2  
  46  5:55  Zergling x16  
  53  6:12  Queen x3  
  53  6:13  Drone  
  53  6:14  Drone x2  
  53  6:17  Drone  
  53  6:18  Drone  
  64  6:26  Spire  
  64  6:28  Extractor  
  62  6:42  Zergling x2  
  62  6:43  Zergling x10  
  62  6:44  Baneling Nest  
  67  7:19  Drone x9  
  76  7:34  Drone x3  
  76  7:36  Drone x2  
  81  7:38  Overlord x4  
  81  7:42  Zerg Flyer Weapons Level 1  
  81  7:45  Baneling  
  81  7:47  Baneling x4  
  81  7:48  Baneling x7  
  76  8:00  Zergling x20  
  86  8:06  Mutalisk x3  
  92  8:27  Hatchery, Drone x11  
  92  8:30  Extractor  
  92  8:31  Extractor  
  92  8:33  Mutalisk  
  97  8:45  Mutalisk x3  
  97  8:46  Mutalisk x3  
  109  9:08  Drone x3  
  113  9:10  Drone  
  113  9:16  Overlord x5  
  113  9:24  Overlord x3  
  113  9:32  Baneling x3  
  113  9:33  Baneling x4  
  113  9:35  Centrifical Hooks  
  113  9:47  Mutalisk x8  
  113  9:52  Drone x8  
  137  9:55  Extractor  
  137  9:57  Extractor  
  133  10:18  Mutalisk x5  
  143  10:32  Zergling x28  
  155  11:03  Zergling x4  
  155  11:04  Zergling x26  
  104  11:36  Extractor, Drone  
  104  11:37  Drone x2  
  104  11:38  Mutalisk x6  
  104  11:39  Mutalisk x7  
  132  11:56  Zergling x20  
  132  11:59  Baneling x16  
  142  12:14  Hatchery  
  119  12:36  Zergling x20  
  119  12:37  Zergling x20  
  117  12:46  Zergling x16  
  114  12:59  Baneling x9  
  114  13:00  Baneling x8  
  114  13:06  Mutalisk x4  
  114  13:07  Mutalisk x4  
  119  13:57  Zergling x20  
  119  13:58  Mutalisk x10  
  149  14:06  Extractor  
  149  14:07  Extractor, Drone x3  
  149  14:08  Drone x2  
  149  14:09  Drone  
  153  14:14  Zerg Flyer Weapons Level 2  
  139  14:52  Zergling x6  
  127  14:53  Mutalisk, Zergling x26  
  127  14:54  Mutalisk x9  
  158  15:06  Baneling  
  158  15:07  Baneling x12  
  158  15:09  Zergling x26  
  156  15:58  Zergling x22  
  156  15:59  Mutalisk x12  
  129  16:29  Baneling x9  
  129  16:31  Zergling x38  
  129  16:32  Overlord  
  148  16:33  Zergling x18  
  157  16:46  Zergling x4  
  157  16:47  Zergling x14  
  166  16:50  Baneling x6  
  154  17:13  Baneling x10  
  150  17:19  Mutalisk x6  
  150  17:20  Mutalisk x6  
  165  17:40  Evolution Chamber  
  165  17:41  Evolution Chamber  
  110  18:06  Zergling x28  
  110  18:07  Zergling x28  
  110  18:10  Zerg Melee Weapons Level 1  
  110  18:11  Zerg Ground Armor Level 1  
  138  18:30  Baneling x7  
  138  18:31  Baneling x16  
  138  18:32  Baneling x2  
  138  18:33  Hatchery  
  137  18:38  Mutalisk  
  137  18:39  Mutalisk x10  
  159  18:48  Infestation Pit  
  156  19:06  Zergling x4  
  156  19:07  Zergling x40  
  152  19:40  Zergling x2  
  152  19:41  Zergling x40  
  135  20:02  Baneling x17  
  122  20:15  Zergling x44  
  122  20:16  Zergling x2  
  118  20:56  Mutalisk, Zergling x16  
  118  20:57  Mutalisk x5, Zergling x18  
  141  21:07  Drone x5  
  146  21:23  Extractor  
  145  21:27  Extractor  
  145  21:32  Baneling x11  
  144  21:34  Zerg Ground Armor Level 2, Zerg Melee Weapons Level 2  
  144  21:40  Hive  
  144  22:04  Baneling x7  
  144  22:05  Zergling x2  
  144  22:06  Zergling x48  
  144  22:07  Zergling x4  
  158  22:52  Zergling x18  
  158  22:53  Zergling x34  
  158  22:54  Baneling x3  
  158  22:55  Baneling x16  
  158  22:56  Baneling x5  
  184  23:00  Ultralisk Cavern  
  176  23:34  Hatchery  
  176  23:38  Mutalisk  
  176  23:39  Mutalisk x11  
  176  23:40  Mutalisk  
Tags
 
Add a new tag
Caveats
  • Supply blocks, unpowered buildings, or Contaminate may cause inaccurate times.
  • Supply counts are checked every 10 seconds.